 Dungeon Crawl Stone Soup version 0.22.0 (webtiles) character file.

471 Rrauwl the Skirmisher (level 7, -3/61 HPs)
             Began as a Hill Orc Fighter on Aug 10, 2018.
             Was a Priest of Lugonu.
             Killed from afar by an orc wizard (5 damage)
             ... with a magic dart
             ... on level 4 of the Dungeon.
             The game lasted 00:07:13 (3108 turns).

Rrauwl the Skirmisher (Hill Orc Fighter)            Turns: 3108, Time: 00:07:13

Health: -3/61      AC:  9    Str: 26    XL:     7   Next: 9%
Magic:  9/9        EV:  8    Int:  8    God:    Lugonu [***...]
Gold:   122        SH: 10    Dex: 10    Spells: 6/6 levels left

rFire    . . .     SeeInvis .   a - +1 war axe
rCold    . . .     Gourm    .   c - +0 shield
rNeg     . . .     Faith    .   b - +0 scale mail
rPois    .         Spirit   .   (no helmet)
rElec    .         Reflect  .   (no cloak)
rCorr    .         Harm     .   (no gloves)
MR       .....                  g - +1 pair of boots
Stlth    ..........             (no amulet)
HPRegen  0.20/turn              (no ring)
MPRegen  0.11/turn              (no ring)

@: mighty
A: no striking features
a: Depart the Abyss, Bend Space, Banish, Renounce Religion


You were on level 4 of the Dungeon.
You worshipped Lugonu.
Lugonu was most pleased with you.
You were not hungry.

You visited 1 branch of the dungeon, and saw 4 of its levels.

You collected 122 gold pieces.

Inventory:

Hand Weapons
 a - a +1 war axe (weapon)
Missiles
 i - 4 javelins (quivered)
Armour
 b - a +0 scale mail (worn)
 c - a +0 shield (worn)
 g - a +1 pair of boots (worn)
Wands
 n - a wand of random effects (34)
Scrolls
 f - 2 scrolls of teleportation
 h - 2 scrolls of remove curse
 k - a scroll of enchant armour
 m - 3 scrolls of identify
 o - a scroll of magic mapping
Potions
 j - 2 potions of haste
 q - 2 potions of agility
Comestibles
 e - 4 rations
 l - a chunk of flesh


   Skills:
 + Level 5.0 Fighting
 + Level 4.7 Axes
 + Level 4.8 Armour
 - Level 2.0 Dodging
 + Level 4.5 Shields
 + Level 3.3 Invocations


You had 6 spell levels left.
You didn't know any spells.
Your spell library contained the following spells:

 Spells                   Type           Power        Failure   Level  Hunger
 Magic Dart               Conj           #...         98%         1    ##.....
 Iskenderun's Mystic Bla  Conj           #.......     100%        4    #####..
 Fulminant Prism          Conj/Hex       #.........   100%        4    #####..
 Dazzling Spray           Conj/Hex       #.....       100%        3    ####...
 Force Lance              Conj/Tloc      #.......     100%        4    #####..
 Searing Ray              Conj           #.....       99%         2    ###....


Dungeon Overview and Level Annotations

Branches:
Dungeon (4/15)
 Temple: D:4-7

Altars:
Lugonu


Message History

The orc wizard completely misses you. The orc wizard barely misses you.
Unknown command.
Your shield prevents you from hitting the orc wizard.
The orc wizard is heavily wounded.
The orc wizard hits you but does no damage.
The orc wizard closely misses you.
Unknown command.
You barely miss the orc wizard.
The orc wizard is heavily wounded.
The orc wizard hits you but does no damage.
The orc wizard hits you with a dagger.
* * * LOW HITPOINT WARNING * * *
Unknown command.
Okay, then.
Your shield and scale mail prevent you from hitting the orc wizard.
The orc wizard is heavily wounded.
You block the orc wizard's attack.
The orc wizard points at you and mumbles some strange words.
The magic dart hits you!
You die...

#......# #######
#....o. #.....#
#.o... ######.[...#
#.... .....#.....#
#... ####.#.....#
#..
####.#.....#######.#
.....'.......>...#.#
####.#†.....####@#.#
#.#......# #)o.#
#.#..[...# #####
#.#......#
#..#####.#
#####.#####'###
.......##.....#
.......##.....#
^......##.....#


You could see an orc wizard.

Vanquished Creatures
  2 scorpions (D:4)
  An orc priest (D:4)
  3 worker ants (D:4)
  Natasha (D:3)
  2 orc wizards (D:4)
  11 adders
  3 worms
  3 dart slugs
  3 leopard geckos
  6 orcs
  3 ball pythons
  3 giant cockroaches
  7 goblins
  6 hobgoblins
  5 jackals (D:4)
  4 quokkas
  7 bats
  5 frilled lizards
  9 kobolds
  5 rats
89 creatures vanquished.

Notes
Turn   | Place    | Note
-------+----------+-------------------------------------------
     0 | D:1      | Rrauwl the Hill Orc Fighter began the quest for the Orb.
     0 | D:1      | Reached XP level 1. HP: 19/19 MP: 1/1
   143 | D:1      | Reached XP level 2. HP: 10/27 MP: 2/2
   928 | D:2      | Found a faded altar of an unknown god.
   968 | D:2      | Became a worshipper of Lugonu the Unformed
   968 | D:2      | Reached * piety under Lugonu
   968 | D:2      | Reached ** piety under Lugonu
   999 | D:2      | Reached XP level 3. HP: 33/33 MP: 3/3
  1172 | D:2      | Reached skill level 4 in Fighting
  1316 | D:2      | Reached skill level 1 in Invocations
  1319 | D:2      | Reached XP level 4. HP: 40/40 MP: 4/4
  2214 | D:3      | Reached skill level 1 in Dodging
  2251 | D:3      | Reached XP level 5. HP: 41/46 MP: 6/6
  2264 | D:3      | Reached *** piety under Lugonu
  2350 | D:3      | Noticed Natasha
  2360 | D:3      | Killed Natasha
  2707 | D:4      | Reached XP level 6. HP: 46/53 MP: 7/7
  3060 | D:4      | Reached XP level 7. HP: 19/60 MP: 9/9
  3068 | D:4      | Reached skill level 5 in Fighting
  3104 | D:4      | HP: 3/61 [orc wizard/dagger (1)]
  3107 | D:4      | HP: 1/61 [orc wizard/dagger (2)]
  3108 | D:4      | Killed from afar by an orc wizard

Skill      XL: |  1  2  3  4  5  6  7 |
---------------+----------------------+-----
Axes           | 3 4 |  4.7
Fighting       | 4 5 |  5.0
Invocations    | 1 2 3 |  3.3
Armour         | 4 |  4.8
Dodging        | 1 2 |  2.0
Shields        | 4 |  4.5

Action                   |  1- 3 |  4- 6 |  7- 9 || total
-------------------------+-------+-------+-------++-------
Melee: War axe           |    83 |   174 |    22 ||   279
  Use: Scroll            |     7 |     4 |       ||    11
       Potion            |       |     3 |     1 ||     4
  Eat: Chunk             |     1 |     3 |       ||     4
       Ration            |       |     1 |       ||     1
Armor: Scale mail        |    40 |    99 |     9 ||   148
Dodge: Dodged            |    17 |    66 |     8 ||    91
Block: Shield            |    41 |   106 |     7 ||   154
